 Dungeon Crawl Stone Soup version 0.27.1-35-g4d5d836560 (webtiles) character file.

Game seed: 5149517732634371651

179 Delamore the Sneak (level 5, -1/51 HPs)
             Began as an Octopode Brigand on Apr 18, 2022.
             Slain by an adder (4 damage)
             ... on level 3 of the Dungeon.
             The game lasted 00:02:29 (2597 turns).

Delamore the Sneak (Octopode Brigand)               Turns: 2597, Time: 00:02:29

Health: -1/51      AC: 22    Str:  7 (10) XL:     5   Next: 59%
Magic:  5/5        EV:  2    Int: 11 (13) God:
Gold:   125        SH:  0    Dex: 12 (15) Spells: 4/4 levels left

rFire    . . .     SeeInvis .   a - +2 dagger
rCold    + . .     Faith    .   (no shield)
rNeg     + + +     Spirit   .   (helmet currently unavailable)
rPois    +         Reflect  .   (no amulet)
rElec    .         Harm     .   g - +4 ring of evasion
rCorr    .         Rampage  .   m - ring of protection from cold
Will     .....     NoTele   +   (no ring)
Stlth    +++.......             (no ring)
HPRegen  0.17/turn              (no ring)
MPRegen  0.09/turn              (no ring)
                                (no ring)
                                (no ring)

@: tree-form
A: stationary, stasis, torment immunity, boosted hp, almost no armour,
(amphibious), 8 rings, (camouflage 1), (gelatinous body 1), (nimble swimmer 1),
(tentacles)
a: no special abilities


You were on level 3 of the Dungeon.
You were a tree.
You visited 1 branch of the dungeon, and saw 4 of its levels.

You collected 125 gold pieces.

Inventory:

Hand Weapons
 a - a +2 dagger (weapon)
Missiles
 b - 2 poisoned darts (quivered)
Jewellery
 g - a +4 ring of evasion (left branch)
 m - a ring of protection from cold (right branch)
Scrolls
 e - a scroll of holy word
 l - a scroll of blinking {unknown}


   Skills:
 - Level 2.0 Fighting
 * Level 4.7 Short Blades
 - Level 2.0 Throwing
 - Level 1.0 Dodging
 + Level 6.8 Stealth


You had 4 spell levels left.
You didn't know any spells.
Your spell library was empty.

Dungeon Overview and Level Annotations

Branches:
Dungeon (4/15)
 Temple: D:4-7

Altars:
Ashenzari

Shops:
D:4 [

Annotations:
D:3 Grinder


Innate Abilities, Weirdness & Mutations

You are a tree.
Your roots penetrate the ground, keeping you stationary.
You cannot be teleported.
You are immune to unholy pain and torment.
Your maximum health is greatly increased.
You cannot wear most types of armour.
((You are amphibious.))
You can wear up to eight rings at the same time.
((Your skin changes colour to match your surroundings (Stealth+).))
((Your rubbery body absorbs attacks. (AC +1, EV +1)))
((You are camouflaged near water. (Stealth+)))
((You have tentacles for arms and can constrict up to eight enemies at once.))


Message History

Aim: Grinder (lightly wounded, 55% to hit)
You throw a poisoned dart. The poisoned dart hits Grinder.
Grinder is lightly wounded.
Throw: 4 darts (poison)
Press: ? - help, Q - select action Shift-Dir - straight line, f/p - Grinder
Aim: Grinder (lightly wounded, 55% to hit)
You throw a poisoned dart.
The poisoned dart barely misses Grinder.
An adder comes into view.
Throw: 3 darts (poison)
Press: ? - help, Q - select action Shift-Dir - straight line, f/p - Grinder
Aim: Grinder (lightly wounded, 55% to hit)
You throw a poisoned dart.
The poisoned dart closely misses Grinder.
The adder hisses angrily.
You hit Grinder.
Grinder is lightly wounded.
You hit Grinder.
Grinder is moderately wounded.
Grinder hits you but does no damage.
You hit the orc wizard.
The orc wizard is lightly wounded.
The orc wizard hits you but does no damage.
Grinder hits you.
* * * LOW HITPOINT WARNING * * *
You hit the orc wizard but do no damage.
The orc wizard is lightly wounded.
The orc wizard gestures at you while chanting.
The puff of flame hits you but does no damage.
You hit the orc wizard.
The orc wizard is moderately wounded.
Grinder hits you but does no damage.
You hit the orc wizard.
The orc wizard is heavily wounded.
The orc wizard hits you but does no damage.
Grinder hits you but does no damage.
You barely miss the orc wizard.
The orc wizard is heavily wounded.
The adder bites you.
You die...

..........#..............#
......#...#..(##(........#
......#..........#.......#
......#.......(..#.......#
......'........(.+.......+
......###......(.# ......#
......###........###...##
........#..###..5.......#
........+....'.o♣.......+
........##.###...S......#
........##..##..........#
......###...##..........#
####†...†...##..........#
..........o.K#..........#
.............#..$.......#
.............#..........#
............o#...K...


You could see Grinder, an orc wizard and an adder.

Vanquished Creatures
  An ogre (D:4)
  An iguana (D:4)
  An adder (D:2)
  2 worms (D:2)
  3 dart slugs
  2 orcs (D:4)
  2 bats
  4 endoplasms
  4 giant cockroaches
  4 goblins (D:1)
  8 hobgoblins
  3 quokkas
  7 ball pythons
  A frilled lizard (D:1)
  2 kobolds
  3 rats
  A spectral kobold (D:1)
49 creatures vanquished.

Notes
Turn   | Place    | Note
-------+----------+-------------------------------------------
     0 | D:1      | Delamore the Octopode Brigand began the quest for the Orb.
     0 | D:1      | Reached XP level 1. HP: 14/14 MP: 1/1
    99 | D:1      | Found a faded altar of an unknown god.
   120 | D:1      | Reached XP level 2. HP: 19/19 MP: 2/2
   808 | D:1      | Reached XP level 3. HP: 24/24 MP: 3/3
  1547 | D:2      | Reached skill level 6 in Stealth
  1726 | D:2      | Found a broken altar of Ashenzari.
  1744 | D:2      | Reached XP level 4. HP: 28/29 MP: 4/4
  1928 | D:3      | Noticed Grinder
  1931 | D:4      | Found Zeses's Armour Shoppe.
  2142 | D:4      | Noticed an ogre
  2158 | D:4      | Killed an ogre
  2159 | D:4      | Reached XP level 5. HP: 34/34 MP: 5/5
  2569 | D:3      | Paralysed by Grinder for 6 turns
  2593 | D:3      | HP: 2/51 [Grinder (5)]
  2597 | D:3      | Slain by an adder

Illustrated notes

Levels and vault maps discovered:
D:1:      minmay_arrival_radiant_lines, layout_basic,
          dreamdust_ecumenical_altar_drowned_temple
D:2:      layout_loops_corners, basic_altar, kennysheep_big_empty_room,
          minmay_worlds_worst_comb
D:3:      layout_basic, mainiacjoe_overflow_cross_hatched, uniq_grinder
D:4:      layout_loops_corners, nicolae_elyvilon_temple_path, serial_shops,
          nicolae_stop_n_shop_1, nicolae_stop_n_shop_2, shop,
          nicolae_inconvenience_store, nicolae_shop_window_shopping

Skill      XL: |  1  2  3  4 |
---------------+-------------+-----
Short Blades   | 3 4 |  4.7
Stealth        | 6 |  6.8
Fighting       | |  2.0
Throwing       | |  2.0
Dodging        | |  1.0

Action                   |  1- 3 |  4- 6 || total
-------------------------+-------+-------++-------
Melee: Dagger            |    62 |    47 ||   109
       Constrict         |     9 |     7 ||    16
       Tentacles         |     4 |     5 ||     9
Throw: Dart              |       |    13 ||    13
  Use: Scroll            |       |     3 ||     3
       Potion            |       |     3 ||     3
 Stab: Sleeping          |    17 |     5 ||    22
Armor: Skin              |     8 |     9 ||    17
Dodge: Dodged            |    26 |    35 ||    61
